 Dungeon Crawl Stone Soup version 0.31-a0-844-gdc52ec4e09 (webtiles) character file.

Game seed: 16623950567835811879

2752 BinkBink the Grappler (level 9, -35/68 HPs)
             Began as a Gnoll Shapeshifter on Sept 30, 2023.
             Killed by an exploding gnoll (37 damage)
             ... ignited by their inner flame
             ... on level 8 of the Dungeon.
             The game lasted 00:19:46 (8751 turns).

BinkBink the Grappler (Gnoll Shapeshifter)          Turns: 8751, Time: 00:19:46

Health: -35/68     AC:  7    Str: 16    XL:     9   Next: 68%
Magic:  0/15       EV: 13    Int:  9    God:
Gold:   338        SH:  0    Dex: 14    Spells: 17/17 levels left

rFire   . . .        k - +7 club
rCold   x . .        (no shield)
rNeg    . . .        t - +1 ring mail {rPois}
rPois   +            (helmet currently unavailable)
rElec   .            (cloak currently unavailable)
rCorr   .            (gloves currently unavailable)
SInv    .            (boots currently unavailable)
Will    .....        g - amulet of guardian spirit
Stlth   ++           (no ring)
HPRegen 0.31/turn    (no ring)
MPRegen 0.14/turn

%: clarity, guardian spirit
@: mighty, beast-form
A: beast (slay +4), fangs 1, strong nose, distributed training, clarity, cold
vulnerability 1
a: Begin Untransformation


You were on level 8 of the Dungeon.
You were a hulking beast.
You visited 2 branches of the dungeon, and saw 9 of its levels.

You collected 338 gold pieces.

Inventory:

Hand Weapons
 k - a +7 club (weapon)
Armour
 l - a +0 helmet
 t - a +1 ring mail of poison resistance (worn)
 y - +0 steam dragon scales
Jewellery
 g - an amulet of guardian spirit (around neck)
Talismans
 c - a beast talisman (active)
 d - a flux talisman
Wands
 j - a wand of iceblast (9)
 s - a wand of flame (5)
Scrolls
 e - 3 scrolls of immolation
 f - a scroll of silence
 o - a scroll of torment
 r - a scroll of butterflies
 w - a scroll of poison {unknown}
 x - a scroll of identify
Potions
 b - 3 potions of lignification
 h - a potion of enlightenment
 i - a potion of haste {unknown}
 m - 2 potions of degeneration
 n - a potion of brilliance
 p - 2 potions of attraction
 q - a potion of curing
 u - a potion of ambrosia
 v - a potion of berserk rage {unknown}


   Skills:
 + Level 5.3 Fighting
 + Level 4.5 Short Blades
 + Level 4.5 Long Blades
 + Level 4.5 Axes
 + Level 4.5 Maces & Flails
 + Level 4.5 Polearms
 + Level 4.5 Staves
 + Level 4.5 Ranged Weapons
 + Level 4.5 Throwing
 + Level 4.5 Armour
 + Level 6.5 Dodging
 + Level 4.5 Stealth
 + Level 4.5 Shields
 + Level 8.1 Unarmed Combat
 + Level 4.5 Spellcasting
 + Level 3.7 Conjurations
 + Level 3.7 Hexes
 + Level 3.7 Summonings
 + Level 3.7 Necromancy
 + Level 3.7 Translocations
 + Level 3.7 Transmutations
 + Level 3.7 Fire Magic
 + Level 3.7 Ice Magic
 + Level 3.7 Air Magic
 + Level 3.7 Earth Magic
 + Level 3.7 Poison Magic
 + Level 5.0 Invocations
 + Level 4.5 Evocations
 + Level 7.8 Shapeshifting


You had 17 spell levels left.
You didn't know any spells.
Your spell library contained the following spells:

 Spells                   Type           Power      Damage    Failure   Level
 Ensorcelled Hibernation  Hex/Ice        16%        N/A       14%         2
 Passwall                 Tmut/Erth      6%         N/A       14%         2
 Swiftness                Air            8%         N/A       28%         3
 Brom's Barrelling Bould  Conj/Erth      8%         2d3       67%         4
 Fireball                 Conj/Fire      4%         3d4       95%         5
 Iskenderun's Battlesphe  Conj           8%         2d6       95%         5
 Conjure Ball Lightning   Conj/Air       4%         3x3d6     100%        6
 Orb of Destruction       Conj           4%         9d5       100%        7


Dungeon Overview and Level Annotations

Branches:
Dungeon (8/15)             Temple (1/1) D:6
   Lair: D:8-11

Altars:
Ashenzari
Cheibriados
Dithmenos
Elyvilon
Fedhas
Gozag
Hepliaklqana
Kikubaaqudgha
Makhleb
Nemelex Xobeh
Okawaru
Qazlal
Ru
Sif Muna
Trog
Uskayaw
Vehumet
Wu Jian
Xom
Yredelemnul
Zin
The Shining One

Shops:
D:4 (

Annotations:
D:3 Menkaure
D:6 Sigmund
D:8 GreedOfGod's ghost, novice DsFi


Innate Abilities, Weirdness & Mutations

You are a hulking beast.
Your limbs bulge with bestial killing power. (Slay +4)
You have very sharp teeth.
Your uncanny sense of smell can sniff out nearby items.
Your experience applies equally to all skills.
You possess an exceptional clarity of mind.
You are vulnerable to cold. (rC-)


Message History

The gnoll hits you with a +0 club. The gnoll hits you but does no damage.
The gnoll completely misses you.
You barely miss the gnoll. Your bite misses the gnoll.
The gnoll is severely wounded.
The gnoll closely misses you.
The gnoll bouda barks out a call to the hunt!
The gnoll picks up the pace!
The gnoll barely misses you. The gnoll hits you with a +0 club.
The gnoll hits you but does no damage. The gnoll barely misses you.
Okay, then.
As you read the scroll of immolation, it crumbles to dust.
The creatures around you are filled with an inner flame!
The gnoll closely misses you. The gnoll hits you with a +0 club. x2
The gnoll barely misses you. The gnoll misses you.
Your attacks no longer feel as feeble.
The gnoll bouda calls upon its god to heal the gnoll.
The gnoll is healed somewhat.
The gnoll attacks as it pursues you! The gnoll hits you with a +0 club.
The gnoll hits you with a +0 club.
You sock the gnoll!
Flame seeps out of the gnoll.
The gnoll is almost dead.
The gnoll is no longer moving quickly. x2
The gnoll bouda barks out a call to the hunt!
The gnolls pick up the pace!
The gnoll is engulfed in blazing flames.
The gnoll explodes!
The fiery explosion engulfs the gnoll!!!
The fiery explosion engulfs you!!
* * * LOW HITPOINT WARNING * * *
The fiery explosion engulfs the gnoll!!
The gnoll explodes!
The fiery explosion engulfs you.
* * * LOW HITPOINT WARNING * * *
The fiery explosion engulfs the gnoll!!!
The gnoll explodes!
The fiery explosion engulfs the gnoll bouda!!
The gnoll bouda explodes!
The gnoll explodes!
The fiery explosion engulfs you!!!
Ouch! That really hurt!
You die...

..... #.### # ########
#+####+###.# #......#
............ #......#
............ #......#
............ #......#
####'#####.. #......#
####.###### #§§§...#
#.........# #h○§...#
#.(.......# #§§§...#
#######...# #§§§...#
#######...# #§§....#
..........# #§§....#
..........######......#
.#######..............#
.#P.(.W#..............#
.#∩.:.3#..............#


There were no monsters in sight!

Vanquished Creatures
  2 steam dragons (D:7)
  Edmund (D:4)
  2 water moccasins (D:7)
  2 orc warriors (D:7)
  2 ice beasts
  A sky beast (D:7)
  A black bear (D:4)
  An ogre (D:3)
  2 phantoms
  Blork the orc (D:4)
  A bullfrog (D:6)
  A scorpion (D:3)
  5 wights (D:6)
  A howler monkey (D:7)
  5 jellies
  A crimson imp (D:4)
  A hound (D:6)
  8 orc priests
  2 sleepcaps (D:5)
  2 gnoll boudas
  Ijyb (D:4)
  5 orc wizards
  9 gnolls
  5 adders
  2 shadow imps (D:6)
  3 white imps
  An adder zombie (D:2)
  An adder skeleton (D:2)
  2 worms
  24 orcs
  9 ball pythons
  7 bats
  2 bat skeletons (D:2)
  7 endoplasms
  5 goblins
  7 hobgoblins
  4 jackals (D:4)
  4 quokkas
  A ball python skeleton (D:2)
  4 frilled lizards
  2 kobolds
  A quokka skeleton (D:2)
  2 quokka zombies (D:2)
  3 rats
153 creatures vanquished.

Notes
Turn   | Place    | Note
-------+----------+-------------------------------------------
     0 | D:1      | BinkBink the Gnoll Shapeshifter began the quest for the
                  | Orb.
     0 | D:1      | Reached XP level 1. HP: 17/17 MP: 1/1
   158 | D:1      | Reached XP level 2. HP: 23/23 MP: 2/2
   392 | D:1      | Reached XP level 3. HP: 11/28 MP: 3/3
   837 | D:2      | Reached skill level 1 in Invocations
   845 | D:2      | Reached skill level 1 in Short Blades
   845 | D:2      | Reached skill level 1 in Long Blades
   845 | D:2      | Reached skill level 1 in Axes
   845 | D:2      | Reached skill level 1 in Maces & Flails
   845 | D:2      | Reached skill level 1 in Polearms
   845 | D:2      | Reached skill level 1 in Staves
   845 | D:2      | Reached skill level 1 in Ranged Weapons
   845 | D:2      | Reached skill level 1 in Throwing
   845 | D:2      | Reached skill level 1 in Armour
   845 | D:2      | Reached skill level 1 in Stealth
   845 | D:2      | Reached skill level 1 in Shields
   845 | D:2      | Reached skill level 1 in Spellcasting
   845 | D:2      | Reached skill level 1 in Evocations
   848 | D:2      | Reached XP level 4. HP: 16/34 MP: 5/5
  1496 | D:3      | Noticed an ice beast
  1510 | D:3      | Killed an ice beast
  1511 | D:3      | Reached skill level 1 in Conjurations
  1511 | D:3      | Reached skill level 1 in Hexes
  1511 | D:3      | Reached skill level 1 in Summonings
  1511 | D:3      | Reached skill level 1 in Necromancy
  1511 | D:3      | Reached skill level 1 in Translocations
  1511 | D:3      | Reached skill level 1 in Transmutations
  1511 | D:3      | Reached skill level 1 in Fire Magic
  1511 | D:3      | Reached skill level 1 in Ice Magic
  1511 | D:3      | Reached skill level 1 in Air Magic
  1511 | D:3      | Reached skill level 1 in Earth Magic
  1511 | D:3      | Reached skill level 1 in Poison Magic
  1511 | D:3      | Reached XP level 5. HP: 16/41 MP: 5/7
  1742 | D:3      | Found a sacrificial altar of Ru.
  1745 | D:3      | Found a hazy altar of Hepliaklqana.
  1748 | D:3      | Found a shimmering blue altar of Sif Muna.
  1755 | D:3      | Reached XP level 6. HP: 14/47 MP: 8/8
  1874 | D:3      | Found a shadowy altar of Dithmenos.
  1874 | D:3      | Found a white marble altar of Elyvilon.
  1874 | D:3      | Found a broken altar of Ashenzari.
  1874 | D:3      | Found an ancient bone altar of Kikubaaqudgha.
  1875 | D:3      | Found a basalt altar of Yredelemnul.
  1876 | D:3      | Found a stormy altar of Qazlal.
  1877 | D:3      | Found a snail-covered altar of Cheibriados.
  1878 | D:3      | Found a bloodstained altar of Trog.
  1879 | D:3      | Found an ornate altar of the Wu Jian Council.
  1933 | D:3      | Reached skill level 5 in Dodging
  2387 | D:3      | Gained mutation: You are resistant to electric shocks.
                  | (rElec) [potion of mutation]
  2431 | D:4      | Noticed Menkaure
  2794 | D:3      | Reached skill level 7 in Unarmed Combat
  2794 | D:3      | Reached XP level 7. HP: 52/52 MP: 10/10
  2987 | D:4      | Noticed Blork the orc
  2998 | D:4      | Killed Blork the orc
  3091 | D:4      | Found Jovu's Weapon Boutique.
  3241 | D:4      | Noticed Edmund
  3260 | D:4      | Killed Edmund
  3479 | D:4      | Found a radiant altar of Vehumet.
  3480 | D:4      | Found a burning altar of Makhleb.
  3759 | D:4      | Reached XP level 8. HP: 56/60 MP: 12/12
  3807 | D:4      | Noticed Ijyb
  3819 | D:4      | Killed Ijyb
  4179 | D:5      | Entered Level 5 of the Dungeon
  5301 | D:5      | Lost mutation: You are resistant to electric shocks.
                  | (rElec) [potion of mutation]
  5301 | D:5      | Gained mutation: You are vulnerable to cold. (rC-) [potion
                  | of mutation]
  5301 | D:5      | Gained mutation: You possess an exceptional clarity of
                  | mind. [potion of mutation]
  5347 | D:6      | Noticed Sigmund
  5692 | D:6      | Found a staircase to the Ecumenical Temple.
  5718 | Temple   | Entered the Ecumenical Temple
  5818 | D:6      | Reached XP level 9. HP: 60/66 MP: 12/14
  6837 | D:7      | Reached skill level 5 in Fighting
  7166 | D:7      | Found a blossoming altar of Fedhas.
  7420 | D:7      | Reached skill level 8 in Unarmed Combat
  7995 | D:7      | Reached skill level 5 in Invocations
  8687 | D:8      | Noticed GreedOfGod's ghost (novice DsFi)
  8751 | D:8      | HP: 3/68 [spore (28)]
  8751 | D:8      | Killed by an exploding gnoll... ignited by their inner
                  | flame

Illustrated notes

Levels and vault maps discovered:
D:1:      giann_horns, layout_basic
D:2:      layout_rooms, serial_undead, serial_undead_f, serial_undead_f,
          serial_undead_a, serial_undead_b, serial_undead_d, serial_undead_a
D:3:      layout_loops_cross, minitemple
D:4:      layout_loops_ring, grunt_temple_overflow_lords_of_destruction,
          serial_shops, nicolae_shop_tiny_statue_garden, minmay_misc_feat_tower,
          eino_small_chamber_without_monster, minivault_23,
          roderic_serpentine_path, uniq_blork_the_orc, uniq_menkaure,
          uniq_edmund, uniq_ijyb
D:5:      layout_basic, kennysheep_cluttered_room
D:6:      layout_gridville, minmay_temple_entry_overgrown, uniq_sigmund
D:7:      layout_layer_cave, fedhas_altar_2
D:8:      layout_gridville, hellmonk_ghost_big_iron
Temple:   hellmonk_temple_two_chambers

Skill      XL: |  1  2  3  4  5  6  7  8  9 |
---------------+----------------------------+-----
Invocations    | 1 2 3 4 5 |  5.0
Short Blades   | 1 2 3 4 |  4.5
Long Blades    | 1 2 3 4 |  4.5
Axes           | 1 2 3 4 |  4.5
Maces & Flails | 1 2 3 4 |  4.5
Polearms       | 1 2 3 4 |  4.5
Staves         | 1 2 3 4 |  4.5
Ranged Weapons | 1 2 3 4 |  4.5
Throwing       | 1 2 3 4 |  4.5
Armour         | 1 2 3 4 |  4.5
Stealth        | 1 2 3 4 |  4.5
Shields        | 1 2 3 4 |  4.5
Spellcasting   | 1 2 3 4 |  4.5
Evocations     | 1 2 3 4 |  4.5
Fighting       | 3 4 5 |  5.3
Conjurations   | 1 2 3 |  3.7
Hexes          | 1 2 3 |  3.7
Summonings     | 1 2 3 |  3.7
Necromancy     | 1 2 3 |  3.7
Translocations | 1 2 3 |  3.7
Transmutations | 1 2 3 |  3.7
Fire Magic     | 1 2 3 |  3.7
Ice Magic      | 1 2 3 |  3.7
Air Magic      | 1 2 3 |  3.7
Earth Magic    | 1 2 3 |  3.7
Poison Magic   | 1 2 3 |  3.7
Dodging        | 5 6 |  6.5
Unarmed Combat | 7 8 |  8.1
Shapeshifting  | 7 |  7.8

Action                     |  1- 3 |  4- 6 |  7- 9 || total
---------------------------+-------+-------+-------++-------
  Melee: Unarmed           |    54 |   118 |    68 ||   240
         Punch             |     3 |     1 |    13 ||    17
         Bite              |     2 |    17 |    34 ||    53
         Club              |       |       |   228 ||   228
    Use: Scroll            |       |     4 |    11 ||    15
         Potion            |       |     4 |     3 ||     7
   Stab: Sleeping          |       |     4 |     6 ||    10
 Armour: Animal skin       |    19 |    47 |    34 ||   100
         Ring mail         |       |       |   168 ||   168
  Dodge: Dodged            |    25 |    76 |   216 ||   317

Table legend: (Time is in decaauts)
 A = Elapsed time spent in this place.
 B = Non-inter-level travel time spent in this place.
 C = Inter-level travel time spent in this place.
 D = Time resting spent in this place.
 E = Time spent auto-exploring this place.
 F = Levels seen in this place.
 G = Mean time per level.
                   A        B        C        D        E       F      G
               +--------+--------+--------+--------+--------+-----+--------+
         Total |   8761 |   8407 |    354 |    434 |   6382 |   9 |  973.4 |
       Dungeon |   8738 |   8384 |    354 |    434 |   6361 |   8 | 1092.2 |
        Temple |     22 |     22 |      0 |      0 |     21 |   1 |   22.0 |
               +--------+--------+--------+--------+--------+-----+--------+

Top non-repeatable levels by time:
     D:7: 1722 daAuts
     D:3: 1441 daAuts
     D:4: 1422 daAuts
     D:6: 1142 daAuts
     D:5: 1073 daAuts
     D:1: 812 daAuts
     D:2: 580 daAuts
     D:8: 544 daAuts
  Temple: 22 daAuts
